 Dungeon Crawl Stone Soup version 0.19.0-2-gae57169 (webtiles) character file.

84785 Khazard the Unseen (level 15, 66/70 HPs)
             Began as a Spriggan Arcane Marksman on Nov 3, 2016.
             Was the Champion of Okawaru.
             Quit the game on level 6 of the Lair of Beasts on Nov 4, 2016.
             The game lasted 01:09:59 (31545 turns).

Khazard the Unseen (Spriggan Arcane Marksman)      Turns: 31545, Time: 01:10:00

Health: 66/70      AC:  5    Str: 12    XL:     15   Next: 36%
Magic:  26/26      EV: 31    Int: 17    God:    Okawaru [******]
Gold:   642        SH: 13    Dex: 23    Spells: 10 memorised, 5 levels left

rFire  x . .     SeeInvis +     b - +3 rapier (speed)
rCold  + + .     Gourm    .     I - +2 robe {rC+}
rNeg   . . .     Faith    .     C - +0 buckler
rPois  +         Spirit   .     (helmet restricted)
rElec  .         Reflect  +     q - +0 cloak {rPois}
rCorr  .         Harm     .     (gloves unavailable)
MR     ++...                    (boots unavailable)
Stlth  +++++++...               W - +5 amulet of reflection
                                X - +5 ring of dexterity
                                T - ring "Utarowimall" {Ice Str+3}

@: repel missiles, very quick
A: unfitting armour, see invisible, herbivore 3, speed 3, slow metabolism 2
a: Heroism, Finesse, Renounce Religion


You were on level 6 of the Lair of Beasts.
You worshipped Okawaru.
Okawaru was exalted by your worship.
You were not hungry.

You visited 3 branches of the dungeon, and saw 21 of its levels.
You also visited: Labyrinth and Ice Cave.

You collected 1192 gold pieces.
You spent 550 gold pieces at shops.

Inventory:

Hand Weapons
 a - a +3 fustibalus of freezing
 b - a +3 rapier of speed (weapon)
 e - a +2 arbalest of velocity
 h - a +1 antimagic short sword
 J - a +2 rapier of venom
Missiles
 d - 198 bolts
 g - 558 stones (quivered)
 p - 244 sling bullets
Armour
 q - a +0 cloak of poison resistance (worn)
 C - a +0 buckler (worn)
 I - a +2 robe of cold resistance (worn)
Jewellery
 E - an uncursed ring of poison resistance
 M - an uncursed ring of flight
 O - an uncursed ring of positive energy
 T - the ring "Utarowimall" (left hand) {Ice Str+3}
   (You found it in a labyrinth)

   [ring of ice]

   It enhances your ice magic.
   It affects your strength (+3).
   It makes you vulnerable to fire.
   It protects you from cold.
 W - a +5 amulet of reflection (around neck)
 X - a +5 ring of dexterity (right hand)
Wands
 L - a wand of lightning (2/15)
 R - a wand of disintegration (6/24)
 U - a wand of acid (8/15)
 Y - a wand of iceblast (5/15)
Scrolls
 k - a scroll of holy word
 l - 2 scrolls of enchant weapon
 m - a scroll of vulnerability
 r - 12 scrolls of recharging
 x - 2 scrolls of fear
 y - 9 scrolls of remove curse
 B - 2 scrolls of identify
 G - 3 scrolls of enchant armour
 H - a scroll of fog
 K - 2 scrolls of teleportation
Potions
 i - 2 potions of brilliance
 n - a potion of might
 o - 2 potions of magic
 s - a potion of mutation
 t - 3 potions of lignification
 u - 10 potions of curing
 w - a potion of ambrosia
 A - 2 potions of flight
 Q - a potion of resistance
 Z - a potion of cancellation
Books
 c - a book of Debilitation

   Spells                             Type                      Level
   a - Corona                         Hexes                        1
   b - Slow                           Hexes                        2
   c - Gell's Gravitas                Hexes/Translocation          3
   d - Inner Flame                    Hexes/Fire                   3
   e - Cause Fear                     Hexes                        4
   f - Leda's Liquefaction            Hexes/Earth                  4
 D - a book of Clouds

   Spells                             Type                      Level
   a - Mephitic Cloud                 Conjuration/Poison/Air       3
   b - Conjure Flame                  Conjuration/Fire             3
   c - Poisonous Cloud                Conjuration/Poison/Air       6
   d - Freezing Cloud                 Conjuration/Ice/Air          6
   e - Ring of Flames                 Charms/Fire                  7
 F - a book of Air

   Spells                             Type                      Level
   a - Shock                          Conjuration/Air              1
   b - Swiftness                      Charms/Air                   2
   c - Repel Missiles                 Charms/Air                   2
   d - Static Discharge               Conjuration/Air              3
   e - Lightning Bolt                 Conjuration/Air              5
 N - a book of Frost

   Spells                             Type                      Level
   a - Freeze                         Ice                          1
   b - Throw Frost                    Conjuration/Ice              2
   c - Ozocubu's Armour               Charms/Ice                   3
   d - Throw Icicle                   Conjuration/Ice              4
   e - Summon Ice Beast               Ice/Summoning                4
 S - a book of Conjurations

   Spells                             Type                      Level
   a - Magic Dart                     Conjuration                  1
   b - Searing Ray                    Conjuration                  2
   c - Dazzling Spray                 Conjuration/Hexes            3
   d - Fulminant Prism                Conjuration/Hexes            4
   e - Iskenderun's Mystic Blast      Conjuration                  4
   f - Iskenderun's Battlesphere      Conjuration/Charms           5
 V - Daphamum's Almanac of Cold
   (You found it in an ice cave)

   Spells                             Type                      Level
   a - Throw Frost                    Conjuration/Ice              2
   b - Ensorcelled Hibernation        Hexes/Ice                    2
   c - Ozocubu's Armour               Charms/Ice                   3
   d - Throw Icicle                   Conjuration/Ice              4
   e - Ice Form                       Ice/Transmutation            4
   f - Bolt of Cold                   Conjuration/Ice              6
Miscellaneous
 z - a phantom mirror
Comestibles
 f - 5 bread rations
 j - 6 royal jellies
 v - 6 slices of pizza
 P - 2 fruits


   Skills:
 * Level 4.0 Fighting
 - Level 14.0 Short Blades
 - Level 12.8 Slings
 - Level 3.3 Crossbows
 * Level 12.8 Dodging
 - Level 15.7 Stealth
 - Level 4.3 Shields
 - Level 7.1 Spellcasting
 - Level 2.0 Conjurations
 - Level 7.8 Hexes
 - Level 6.4 Charms
 - Level 2.2 Fire Magic
 - Level 2.9 Ice Magic
 - Level 3.9 Air Magic
 - Level 4.2 Poison Magic
 + Level 2.7 Invocations


You had 5 spell levels left.
You knew the following spells:

 Your Spells              Type           Power        Failure   Level  Hunger
a - Shock                 Conj/Air       ###.         4%          1    None
b - Ensorcelled Hibernat  Hex/Ice        #####.       2%          2    None
c - Corona                Hex            ####...      1%          1    None
d - Conjure Flame         Conj/Fire      ##......     21%         3    ##.....
e - Mephitic Cloud        Conj/Pois/Air  ###.....     12%         3    ##.....
f - Dazzling Spray        Conj/Hex       ###...       8%          3    ##.....
g - Slow                  Hex            ####....     1%          2    None
i - Inner Flame           Hex/Fire       ###.....     8%          3    ##.....
k - Repel Missiles        Chrm/Air       ###...       2%          2    None
o - Ozocubu's Armour      Chrm/Ice       ####....     8%          3    ##.....


Dungeon Overview and Level Annotations

Branches:
Dungeon (14/15)            Temple (1/1) D:7            Lair (6/6) D:10
  Swamp (0/4) Lair:3       Spider (0/4) Lair:2        Slime (0/5) Lair:6
    Orc (0/2) D:9
 Vaults: D:13-14

Altars:
Ashenzari
Cheibriados
Dithmenos
Elyvilon
Fedhas
Gozag
Hepliaklqana
Kikubaaqudgha
Makhleb
Nemelex Xobeh
Okawaru
Qazlal
Ru
Sif Muna
Trog
Uskayaw
Vehumet
Xom
Yredelemnul
Zin
The Shining One

Shops:
D:6 (   D:7 !   D:11 %

Annotations:
D:4 exclusion: downstairs
Lair:6 exclusion: 6 oklob plants


Innate Abilities, Weirdness & Mutations

You are very small and have problems with some larger weapons.
You are too small for most types of armour.
You have supernaturally acute eyesight. (SInv)
You are a herbivore.
You cover ground extremely quickly.
You need consume almost no food.


Message History

p - 235 sling bullets (gained 1)
p - 236 sling bullets (gained 1)
p - 237 sling bullets (gained 1)
p - 238 sling bullets (gained 1)
p - 239 sling bullets (gained 1)
p - 241 sling bullets (gained 2)
p - 244 sling bullets (gained 3)
You see here a hand crossbow.
Key pressed, stopping explore.
Saving game... please wait.
Level annotation: exclusion: 6 oklob plants Welcome back, Khazard the Spriggan Arcane Marksman.
Okawaru says: Bring me glory in combat!
Press ? for a list of commands and other information.
Saving game... please wait.
Level annotation: exclusion: 6 oklob plants Welcome back, Khazard the Spriggan Arcane Marksman.
Okawaru says: Bring me glory in combat!
Press ? for a list of commands and other information.
Are you sure you want to abandon this character and quit the game? (Confirm with "yes".)

...#. .##.P.....P#.#P....#÷..#.
......................##.
........†................
..........÷...............
.................................
........................)P.....P.
...........P.......###./P#....P..
.......#...###P...########.....P#
......# #.. #..@..##.####....P.#
.....# ... ##..##.....##.....##
.....## ...###..#.......#..÷.+..
......# .......(........†........
.....## ##.#P#P...##...........#.
#....# # ##...###....#....#..
.....## ####....# ##...#....#..
......#####...#...#####.#.#...P.P
.................................


There were no monsters in sight!

Vanquished Creatures
  Nessos (Lair:5)
  A minotaur (Lab)
  Josephine (D:10)
  2 hydras
  Erolcha (D:9)
  A centaur warrior (D:12)
  Erica (D:8)
  11 death yaks
  A tengu warrior (D:13)
  2 skeletal warriors (D:13)
  An unseen horror (D:13)
  4 hill giants
  A necromancer (IceCv)
  An orc knight (D:13)
  An orb spider (Lair:2)
  6 ugly things
  11 elephants
  2 centaur zombies
  4 cyclopes
  A manticore (D:8)
  5 black mambas
  A torpor snail (Lair:5)
  Psyche (D:8)
  An ice statue (IceCv)
  3 rime drakes
  4 centaur skeletons
  8 spiny frogs
  A rime drake (shapeshifter) (D:12)
  3 komodo dragons
  The ghost of Monkaria the Skirmisher, an amateur DDFi (D:5)
  10 freezing wraiths (IceCv)
  2 tengu conjurers (D:13)
  A merfolk (D:10)
  2 trolls
  Grinder (D:6)
  Prince Ribbit (D:9)
  A two-headed ogre (D:13)
  2 wolf spider simulacra
  6 polar bears
  10 blink frogs
  6 hippogriffs
  4 redbacks (Lab)
  Sigmund (D:4)
  3 wraiths (D:10)
  26 yaks
  2 wyverns
  A human (D:10)
  A spriggan (D:10)
  Grum (D:11)
  A vampire mosquito (D:13)
  5 hungry ghosts
  2 basilisks
  A warg (D:10)
  6 water moccasins
  Duvessa (D:4)
  5 sky beasts
  A porcupine (Lair:3)
  11 orc warriors
  3 phantoms
  A black bear (D:7)
  12 ice beasts
  A hornet zombie (D:14)
  2 eyes of draining (D:3)
  10 centaurs
  An ogre (D:5)
  14 crocodiles
  12 wolves
  2 big kobolds
  13 bullfrogs
  An earth elemental (Lab)
  2 water moccasin zombies
  4 scorpions
  Dowan (D:4)
  2 wyvern skeletons
  17 killer bees
  23 wights
  2 howler monkeys
  4 electric eels
  9 crimson imps
  A bullfrog zombie (D:7)
  3 jellies
  6 draconian simulacra (IceCv)
  A bullfrog skeleton (D:11)
  4 hounds
  12 orc priests
  4 iguanas
  A water moccasin simulacrum (D:12)
  16 orc wizards
  Natasha (twice) (D:4)
  10 hell rats
  A polar bear simulacrum (IceCv)
  10 worker ants
  4 troll simulacra (IceCv)
  3 spriggan simulacra (IceCv)
  2 wolf simulacra (IceCv)
  A bullfrog simulacrum (D:12)
  4 centaur simulacra
  3 worker ant zombies
  Robin (D:2)
  4 gnolls (D:6)
  A naga simulacrum (IceCv)
  13 adders
  3 ogre simulacra (IceCv)
  11 river rats
  3 shadow imps
  14 white imps
  An ufetubus (D:12)
  4 oozes
  An adder zombie (D:8)
  A worm (D:4)
  A dart slug (D:2)
  2 leopard geckos
  100 orcs
  5 giant cockroaches
  8 goblins
  5 hobgoblins
  2 jackals (D:5)
  26 kobolds
  3 quokkas
  5 bats
  7 frilled lizards
  2 quokka skeletons (D:4)
  26 rats
669 creatures vanquished.

Vanquished Creatures (collateral kills)
  A killer bee (D:9)
1 creature vanquished.

Vanquished Creatures (others)
  A centaur (D:13)
  A bullfrog (D:10)
  A killer bee (D:10)
  3 fungi
  3 plants (Lair:6)
9 creatures vanquished.

Grand Total: 679 creatures vanquished

Notes
Turn   | Place    | Note
-------+----------+-------------------------------------------
     0 | D:1      | Khazard the Spriggan Arcane Marksman began the quest for the Orb.
     0 | D:1      | Reached XP level 1. HP: 9/9 MP: 3/3
   106 | D:1      | Reached XP level 2. HP: 14/14 MP: 0/5
  1288 | D:2      | Reached XP level 3. HP: 17/17 MP: 1/6
  1470 | D:2      | Learned a level 2 spell: Slow
  1945 | D:2      | Noticed Robin
  1951 | D:2      | Killed Robin
  2292 | D:3      | Reached XP level 4. HP: 21/21 MP: 4/7
  2375 | D:3      | Reached skill level 5 in Dodging
  2420 | D:3      | Noticed an eye of draining
  2730 | D:3      | Reached skill level 1 in Short Blades
  2925 | D:3      | Found a bloodstained altar of Trog.
  2925 | D:3      | Noticed an eye of draining
  2938 | D:3      | Killed an eye of draining
  2938 | D:3      | Reached XP level 5. HP: 23/25 MP: 0/8
  2949 | D:3      | Killed an eye of draining
  2949 | D:3      | Reached XP level 6. HP: 27/29 MP: 0/9
  2977 | D:3      | Found a blossoming altar of Fedhas.
  3252 | D:4      | Noticed Sigmund
  3392 | D:4      | Killed Sigmund
  3392 | D:4      | Reached skill level 2 in Stealth
  3415 | D:4      | Noticed Natasha
  3600 | D:4      | Noticed Duvessa
  3601 | D:4      | Reached skill level 5 in Short Blades
  3916 | D:4      | Reached XP level 7. HP: 27/32 MP: 6/10
  4084 | D:4      | Reached skill level 3 in Stealth
  4419 | D:4      | Noticed Dowan
  4449 | D:4      | Killed Dowan
  4636 | D:4      | Killed Natasha
  4738 | D:4      | Killed Duvessa
  4738 | D:4      | Reached skill level 4 in Stealth
  4921 | D:4      | Noticed Natasha
  4929 | D:4      | Killed Natasha
  5120 | D:5      | Entered Level 5 of the Dungeon
  5284 | D:5      | Reached skill level 5 in Stealth
  5397 | D:5      | Reached XP level 8. HP: 36/37 MP: 6/11
  5494 | D:5      | Noticed Monkaria's ghost (amateur DDFi)
  6006 | D:5      | Reached skill level 1 in Fighting
  6006 | D:5      | Reached skill level 6 in Stealth
  6306 | D:5      | Killed Monkaria's ghost
  6306 | D:5      | Reached skill level 7 in Stealth
  6991 | D:6      | Found Eliwiny's Weapon Boutique.
  6997 | D:6      | Noticed Grinder
  7010 | D:6      | Killed Grinder
  7010 | D:6      | Reached skill level 8 in Stealth
  7106 | D:6      | Learned a level 3 spell: Mephitic Cloud
  7231 | D:6      | Found a deep blue altar of Sif Muna.
  7530 | D:6      | Reached skill level 1 in Poison Magic
  7627 | D:7      | Reached skill level 1 in Air Magic
  7627 | D:7      | Reached XP level 9. HP: 27/42 MP: 7/13
  7751 | D:7      | Found a burning altar of Makhleb.
  7753 | D:7      | Found a glowing golden altar of the Shining One.
  7966 | D:7      | Found Pucvyfes's Distillery.
  8348 | D:7      | Reached skill level 1 in Conjurations
  8376 | D:7      | Found a staircase to the Ecumenical Temple.
  8416 | D:7      | Learned a level 1 spell: Shock
  8424 | D:7      | Learned a level 2 spell: Repel Missiles
  8719 | Temple   | Entered the Ecumenical Temple
  9194 | D:8      | Noticed Psyche
  9210 | D:8      | Killed Psyche
  9210 | D:8      | Reached skill level 1 in Charms
  9244 | D:8      | Noticed a manticore
  9891 | D:8      | Killed a manticore
  9891 | D:8      | Reached skill level 5 in Spellcasting
  9959 | D:8      | Noticed Erica
  9972 | D:8      | Killed Erica
  9972 | D:8      | Reached XP level 10. HP: 37/46 MP: 5/19
 10190 | D:9      | Reached skill level 1 in Slings
 10628 | D:9      | Noticed Prince Ribbit
 10641 | D:9      | Killed Prince Ribbit
 10787 | D:9      | Found a sparkling altar of Nemelex Xobeh.
 10910 | D:9      | Reached skill level 5 in Slings
 10950 | D:9      | Learned a level 3 spell: Inner Flame
 11118 | D:9      | Found a staircase to the Orcish Mines.
 11310 | D:9      | Found an iron altar of Okawaru.
 11327 | D:9      | Became a worshipper of Warmaster Okawaru
 11720 | D:9      | Found a glowing silver altar of Zin.
 11841 | D:9      | Reached * piety under Okawaru
 12227 | D:9      | Noticed Erolcha
 12684 | D:9      | Found a sparkling altar of Nemelex Xobeh.
 12893 | D:9      | Found a glowing silver altar of Zin.
 13044 | D:9      | Found an iron altar of Okawaru.
 13120 | D:9      | Found a staircase to the Orcish Mines.
 13147 | D:9      | Killed Erolcha
 13147 | D:9      | Reached ** piety under Okawaru
 13189 | D:10     | Entered Level 10 of the Dungeon
 13189 | D:10     | Found a staircase to the Lair.
 13526 | D:10     | Reached XP level 11. HP: 46/50 MP: 14/20
 14217 | D:10     | Reached skill level 9 in Stealth
 14350 | D:10     | Reached *** piety under Okawaru
 14365 | D:10     | Noticed Josephine
 15005 | D:10     | Found an iron altar of Okawaru.
 15016 | D:10     | Reached skill level 10 in Stealth
 15360 | D:10     | Killed Josephine
 15360 | D:10     | Reached skill level 10 in Short Blades
 15375 | D:10     | Learned a level 3 spell: Conjure Flame
 15552 | D:10     | Reached **** piety under Okawaru
 15552 | D:10     | Received a gift from Okawaru
 15712 | D:11     | Reached skill level 10 in Slings
 15721 | D:11     | Noticed a cyan ugly thing
 16064 | D:11     | Found a labyrinth entrance.
 16064 | D:11     | Noticed Grum
 16065 | D:11     | Noticed a hill giant
 16069 | Lab      | Entered a labyrinth
 16584 | Lab      | Got a pair of bloodstained gloves
 16587 | Lab      | Identified the cursed +0 pair of gloves "Josaf" {Regen+ MP+9} (You found it in a labyrinth)
 16812 | Lab      | Noticed a minotaur
 16814 | Lab      | Killed a minotaur
 16814 | Lab      | Received a gift from Okawaru
 16817 | Lab      | Got a pitted ivory ring
 16820 | Lab      | Identified the ring "Utarowimall" {Ice Str+3} (You found it in a labyrinth)
 17000 | D:11     | Noticed a hill giant
 17076 | D:11     | Killed a hill giant
 17124 | D:11     | Killed a cyan ugly thing
 17124 | D:11     | Reached ***** piety under Okawaru
 17157 | D:11     | Killed Grum
 17177 | D:11     | Reached XP level 12. HP: 28/54 MP: 10/21
 17727 | D:11     | Found Anaycs's Food Shop.
 17729 | D:11     | Got a polished mace
 17730 | D:11     | Identified the +1 mace of Uxuqohep {venom, +Rage +Fly} (You found it on level 11 of the Dungeon)
 17777 | D:11     | Reached skill level 11 in Stealth
 17852 | D:12     | Found a frozen archway.
 17857 | D:12     | Received a gift from Okawaru
 17862 | IceCv    | Entered an ice cave
 17888 | IceCv    | Reached skill level 10 in Dodging
 17971 | IceCv    | Learned a level 3 spell: Dazzling Spray
 18940 | IceCv    | Received a gift from Okawaru
 18940 | IceCv    | Reached skill level 12 in Stealth
 19756 | IceCv    | Found an ancient bone altar of Kikubaaqudgha.
 20510 | IceCv    | Reached skill level 13 in Stealth
 20544 | IceCv    | Identified Daphamum's Almanac of Cold
 20820 | IceCv    | Learned a level 3 spell: Ozocubu's Armour
 20835 | D:12     | Reached skill level 5 in Charms
 20860 | D:12     | Received a gift from Okawaru
 20886 | D:12     | Noticed a centaur warrior
 21231 | D:12     | Killed a centaur warrior
 21299 | D:12     | Received a gift from Okawaru
 21922 | D:12     | Reached ****** piety under Okawaru
 21922 | D:12     | Reached XP level 13. HP: 58/58 MP: 22/22
 22326 | D:13     | Reached skill level 1 in Shields
 23241 | D:13     | Received a gift from Okawaru
 23589 | D:13     | Received a gift from Okawaru
 23594 | D:13     | Learned a level 2 spell: Ensorcelled Hibernation
 23822 | D:13     | Reached skill level 14 in Stealth
 24130 | D:14     | Received a gift from Okawaru
 24929 | D:7      | Bought a potion of experience for 550 gold pieces
 24929 | D:7      | Reached skill level 5 in Hexes
 25013 | Lair:1   | Entered Level 1 of the Lair of Beasts
 25070 | Lair:1   | Reached XP level 14. HP: 65/65 MP: 24/24
 25779 | Lair:2   | Reached skill level 15 in Stealth
 25786 | Lair:2   | Reached skill level 1 in Ice Magic
 25977 | Lair:2   | Found a hole to the Spider Nest.
 26563 | Lair:3   | Received a gift from Okawaru
 26955 | Lair:2   | Received a gift from Okawaru
 27241 | Lair:3   | Found a staircase to the Swamp.
 28233 | Lair:4   | Received a gift from Okawaru
 28387 | Lair:4   | Reached skill level 1 in Invocations
 28387 | Lair:4   | Reached XP level 15. HP: 58/68 MP: 14/26
 29363 | Lair:5   | Noticed Nessos
 29494 | Lair:5   | Killed Nessos
 30652 | Lair:6   | Entered Level 6 of the Lair of Beasts
 30927 | Lair:6   | Found a staircase to the Slime Pits.
 31545 | Lair:6   | Quit the game

Skill      XL: |  1  2  3  4  5  6  7  8  9 10 11 12 13 14 15 |
---------------+----------------------------------------------+-----
Dodging        | 4 5 6 7 8 9 11 12 | 12.8
Crossbows      | 3 |  3.3
Short Blades   | 2 3 5 6 7 8 9 10 11 12 14 | 14.0
Stealth        | 2 5 8 10 13 14 15 | 15.7
Fighting       | 2 3 4 |  4.0
Spellcasting   | 2 5 6 7 |  7.1
Poison Magic   | 1 3 4 |  4.2
Air Magic      | 1 3 |  3.9
Conjurations   | 1 2 |  2.0
Charms         | 4 6 |  6.4
Slings         | 9 11 12 | 12.8
Shields        | 4 |  4.3
Hexes          | 5 7 |  7.8
Fire Magic     | 2 |  2.2
Ice Magic      | 2 |  2.9
Invocations    | 1 2 |  2.7

Action                   |  1- 3 |  4- 6 |  7- 9 | 10-12 | 13-15 || total
-------------------------+-------+-------+-------+-------+-------++-------
Melee: Rapier            |       |   109 |   407 |   642 |   605 ||  1763
 Fire: Hand crossbow     |    63 |    10 |       |       |       ||    73
       Fustibalus        |       |       |       |   627 |   274 ||   901
Throw: Throwing net      |       |       |     2 |     3 |       ||     5
       Stone             |       |       |       |     4 |     2 ||     6
 Cast: Corona            |    25 |    12 |    17 |       |       ||    54
       Slow              |       |     7 |    34 |       |     2 ||    43
       Mephitic Cloud    |       |       |    19 |    70 |    34 ||   123
       Repel Missiles    |       |       |     1 |     3 |     1 ||     5
       Shock             |       |       |       |    49 |       ||    49
       Inner Flame       |       |       |       |    23 |     4 ||    27
       Conjure Flame     |       |       |       |    15 |    11 ||    26
       Ensorcelled Hiber |       |       |       |       |   141 ||   141
       Ozocubu's Armour  |       |       |       |       |     3 ||     3
Invok: Heroism           |       |       |       |       |     1 ||     1
 Abil: Evoke Flight      |       |       |       |     1 |       ||     1
Evoke: Wand              |       |     1 |    33 |    13 |       ||    47
  Use: Scroll            |     1 |    10 |     7 |    21 |     7 ||    46
       Potion            |       |       |     2 |     4 |     2 ||     8
 Stab: Sleeping          |       |       |     7 |    29 |    80 ||   116
       Confused          |       |       |    17 |    48 |    43 ||   108
       Held in net/web   |       |       |     1 |     1 |       ||     2
       Invisible         |       |       |       |     3 |    14 ||    17
       Distracted        |       |       |       |     3 |     3 ||     6
  Eat: Bread ration      |       |     1 |     2 |     3 |     2 ||     8
       Pizza             |       |       |     1 |       |       ||     1
       Royal jelly       |       |       |       |       |     1 ||     1
Armor: Robe              |     1 |     5 |    18 |    32 |    13 ||    69
Dodge: Dodged            |    25 |    57 |   207 |   384 |   255 ||   928
       Deflected         |       |       |       |    12 |     3 ||    15
Block: Other             |       |       |       |    32 |       ||    32
       Reflection        |       |       |       |     2 |     5 ||     7
       Buckler           |       |       |       |       |   255 ||   255
